 Dungeon Crawl Stone Soup version 0.25-a0-558-g78a2afb0af (webtiles) character file.

Game seed: 531234642015697186, levelgen mode: deterministic

29 Eurus the Conjurer (level 3, 24/24 HPs)
             Began as a Mummy Conjurer on Feb 24, 2020.
             Quit the game on level 1 of the Dungeon on Feb 25, 2020.
             The game lasted 00:11:59 (3797 turns).

Eurus the Conjurer (Mummy Conjurer)                 Turns: 3797, Time: 00:11:59

Health: 24/24      AC:  2    Str: 11    XL:     3   Next: 1%
Magic:  7/7        EV: 12    Int: 15    God:
Gold:   70         SH:  0    Dex: 12    Spells: 6/7 levels left

rFire    x . .     SeeInvis .   (no weapon)
rCold    + . .     Gourm    .   (no shield)
rNeg     + + +     Faith    .   a - +0 robe
rPois    ∞         Spirit   .   (no helmet)
rElec    .         Reflect  .   (no cloak)
rCorr    .         Harm     .   (no gloves)
MR       .....                  (no boots)
Stlth    ++........             (no amulet)
HPRegen  0.08/turn              (no ring)
MPRegen  0.10/turn              (no ring)

@: no status effects
A: no food or potions, fire vulnerability, cold resistance 1, negative energy
resistance 3, torment resistance, unbreathing
a: no special abilities


You were on level 1 of the Dungeon.
You were not hungry.

You visited 1 branch of the dungeon, and saw 2 of its levels.

You collected 70 gold pieces.

Inventory:

Armour
 a - a +0 robe (worn)
Scrolls
 b - a scroll of remove curse {unknown}
 c - a scroll of enchant weapon {unknown}
 d - 3 scrolls of enchant armour {unknown}
 e - 3 scrolls of identify {unknown}
 f - 2 scrolls of teleportation {unknown}
 g - a scroll of magic mapping {unknown}
 h - a scroll of immolation {unknown}


   Skills:
 + Level 0.1 Fighting
 + Level 1.8 Dodging
 + Level 1.9 Stealth
 + Level 0.3 Unarmed Combat
 + Level 2.7 Spellcasting
 + Level 3.7 Conjurations


You had 6 spell levels left.
You knew the following spells:

 Your Spells              Type           Power        Failure   Level  Hunger
a - Magic Dart            Conj           ##..         4%          1    N/A

Your spell library contained the following spells:

 Spells                   Type           Power        Failure   Level  Hunger
 Searing Ray              Conj           ##....       7%          2    N/A
 Dazzling Flash           Conj/Hex       #.....       28%         3    N/A
 Fulminant Prism          Conj/Hex       #.........   67%         4    N/A
 Iskenderun's Mystic Bla  Conj/Tloc      #.......     67%         4    N/A

Dungeon Overview and Level Annotations

Branches:
Dungeon (2/15)

Altars:


Innate Abilities, Weirdness & Mutations

You do not eat or drink.
Your flesh is vulnerable to fire.
You are immune to poison.
Your flesh is cold resistant. (rC+)
You are immune to negative energy. (rN+++)
You are immune to unholy pain and torment.
You can survive without breathing.


Message History

Done exploring.
You enter the shallow water.
Moving in this stuff is going to be slow.
You enter the shallow water.
Moving in this stuff is going to be slow.
You see here a stone.
You see here a stone.
You see here a +0 whip.
You see here a stone.
There is a large open door here.
There is a large open door here.
There is a large open door here.
There is a large open door here.
There is an open door here.
There is an open door here.
There is an open door here.
Welcome back, Eurus the Mummy Conjurer.
Press ? for a list of commands and other information.
No target in view!
Are you sure you want to abandon this character and quit the game? (Confirm with "yes".)

####### #.....# #.....#
#####.....#######################
..........'....................>)
..........#####################.#
####......# #.#
#.##......#####################.#
#...............@...............#
#.##......##########...##########
.(.#.......# #.######### ######
########.######...##########...##
.........(.##....≈....≈≈.##≈.#...
#....##.#.##..#.....≈≈≈≈.≈≈...###
..........##.###.≈≈≈≈≈≈.≈≈..≈...#
#....##.#...##..≈≈≈≈≈≈.≈≈≈≈≈...#.
#....##.#....##≈≈≈≈≈≈≈.≈≈≈≈≈≈...#


There were no monsters in sight!

Vanquished Creatures
  An ooze (D:1)
  4 bats
  5 goblins
  3 hobgoblins (D:1)
  4 kobolds
  2 ball pythons (D:1)
  3 frilled lizards
  3 rats
25 creatures vanquished.

Notes
Turn   | Place    | Note
-------+----------+-------------------------------------------
     0 | D:1      | Eurus the Mummy Conjurer began the quest for the Orb.
     0 | D:1      | Reached XP level 1. HP: 13/13 MP: 4/4
   238 | D:1      | Reached XP level 2. HP: 19/19 MP: 0/5
  2280 | D:1      | Reached XP level 3. HP: 21/24 MP: 0/7
  3797 | D:1      | Quit the game

Levels and vault maps discovered:
D:1:      dpeg_arrival_subterranean_lakeside_camping, layout_basic
D:2:      layout_basic, uniq_robin

Action                   || total
-------------------------++-------
Melee: Unarmed           ||    33
 Cast: Magic Dart        ||    45
 Stab: Sleeping          ||     1
Armor: Robe              ||    10
Dodge: Dodged            ||    36

Table legend:
 A = Non-vault XP
 B = Vault XP
 C = Vault XP percentage of total XP
 D = Non-vault monster count
 E = Vault monster count
 F = Vault count percentage of total count
                 A         B        C        D         E       F
            +---------+---------+-------+---------+---------+-------
      Total |      28 |      14 |  33.3 |      17 |       8 |  32.0
            +---------+---------+-------+---------+---------+-------
        D:1 |      17 |      12 |  41.4 |       8 |       7 |  46.7
        D:2 |      11 |       2 |  15.4 |       9 |       1 |  10.0
            +---------+---------+-------+---------+---------+-------
